 Dungeon Crawl Stone Soup version 0.22-a0-40-g3d2f077 (webtiles) character file.

366 mopl the Spear-Bearer (level 6, -6/44 HPs)
             Began as a Merfolk Warper on Jan 4, 2018.
             Mangled by a mummy (18 damage)
             ... in an ossuary.
             The game lasted 00:06:44 (4318 turns).

mopl the Spear-Bearer (Merfolk Warper)              Turns: 4318, Time: 00:06:48

Health: -6/44      AC:  6    Str: 11 (12) XL:     6   Next: 68%
Magic:  7/9        EV: 12    Int:  9 (12) God:
Gold:   131        SH:  0    Dex: 12 (15) Spells: 2/9 levels left

rFire    + . .     SeeInvis +   a - +1 trident
rCold    + . .     Gourm    .   (no shield)
rNeg     . . .     Faith    .   l - +0 leather armour (curse)
rPois    +         Spirit   .   j - +0 helmet {SInv}
rElec    +         Reflect  .   (no cloak)
rCorr    +         Harm     .   (no gloves)
MR       .....                  n - +1 pair of boots
Stlth    +.........             (no amulet)
HPRegen  0.14/turn              (no ring)
MPRegen  0.11/turn              (no ring)

@: resistant
A: change form in water, swift swim, stealthy swim
a: no special abilities


You were in an ossuary.
You were not hungry.

You visited 1 branch of the dungeon, and saw 4 of its levels.
You also visited: Ossuary.

You collected 131 gold pieces.

Inventory:

Hand Weapons
 a - a +1 trident (weapon)
 x - a +1 dagger of venom
 y - a +0 spear
Missiles
 e - 3 tomahawks of dispersal
 s - 31 poisoned needles
 z - 4 tomahawks (quivered)
Armour
 j - a +0 helmet of see invisible (worn)
 l - a cursed +0 leather armour (worn)
 n - a +1 pair of boots (worn)
Jewellery
 p - an uncursed ring of ice
Scrolls
 b - 2 scrolls of remove curse {unknown}
 d - a scroll of blinking
 g - 2 scrolls of identify {unknown}
 k - a scroll of amnesia {unknown}
 o - 2 scrolls of enchant armour {unknown}
 q - a scroll of teleportation {unknown}
 t - a scroll of random uselessness {unknown}
 u - 2 scrolls of enchant weapon
Potions
 h - a potion of curing
 i - a potion of resistance
 m - a potion of agility {unknown}
 r - a potion of ambrosia {unknown}
 w - a potion of might {unknown}
 A - a potion of degeneration
 C - a potion of haste {unknown}
Books
 c - a book of Spatial Translocations

   Spells                             Type                      Level
   a - Blink                          Translocation                2
   b - Shroud of Golubria             Charms/Translocation         2
   c - Lesser Beckoning               Translocation                3
   d - Gell's Gravitas                Translocation                3
   e - Teleport Other                 Translocation                3
   f - Passage of Golubria            Translocation                4
 v - a book of Minor Magic

   Spells                             Type                      Level
   a - Magic Dart                     Conjuration                  1
   b - Blink                          Translocation                2
   c - Call Imp                       Summoning                    2
   d - Slow                           Hexes                        2
   e - Conjure Flame                  Conjuration/Fire             3
   f - Mephitic Cloud                 Conjuration/Poison/Air       3
Comestibles
 f - 3 rations
 B - 13 chunks of flesh


   Skills:
 - Level 2.1 Fighting
 + Level 9.9 Polearms
 - Level 1.0 Throwing
 - Level 0.6 Armour
 - Level 2.6 Dodging
 - Level 2.0 Spellcasting
 - Level 2.4 Translocations


You had 2 spell levels left.
You knew the following spells:

 Your Spells              Type           Power        Failure   Level  Hunger
e - Blink                 Tloc           N/A          24%         2    ###....
f - Shroud of Golubria    Chrm/Tloc      #.........   38%         2    ###....
t - Teleport Other        Tloc           #.......     43%         3    ####...


Dungeon Overview and Level Annotations

Branches:
Dungeon (4/15)
 Temple: D:4-7

Altars:
Wu Jian


Message History

The mummy is severely damaged.
Unknown command.
You hit the mummy.
The mummy is severely damaged.
You hit the mummy but do no damage.
The mummy is severely damaged.
You completely miss the mummy.
The mummy is severely damaged.
The mummy hits you!
* * * LOW HITPOINT WARNING * * *
It was a potion of resistance.
You feel protected. The mummy misses you.
It was a potion of degeneration.
There was something very wrong with that liquid.
You feel weakened.
You feel dopey.
You feel clumsy.
Your shroud begins to fray at the edges.
Your shroud bends the mummy's attack away.
The mummy hits you!!
You die...

##+##
#@M.#
#MM.#
#...#
#.∩(#
#...#
#.....#
#.#.#.#
#######


You could see 3 mummies.

Vanquished Creatures
  2 orc wizards (D:3)
  3 worker ants (D:4)
  Robin (D:2)
  9 adders
  An ooze (D:2)
  4 dart slugs
  4 worms
  2 leopard geckos
  13 orcs
  5 bats
  2 giant cockroaches
  16 goblins
  7 hobgoblins
  16 jackals
  7 kobolds
  A ball python (D:3)
  5 frilled lizards
  8 rats
106 creatures vanquished.

Notes
Turn   | Place    | Note
-------+----------+-------------------------------------------
     0 | D:1      | mopl the Merfolk Warper began the quest for the Orb.
     0 | D:1      | Reached XP level 1. HP: 16/16 MP: 3/3
   296 | D:1      | Reached skill level 4 in Polearms
   296 | D:1      | Reached XP level 2. HP: 21/22 MP: 5/5
   315 | D:1      | Learned a level 2 spell: Blink
   318 | D:1      | Learned a level 2 spell: Shroud of Golubria
   932 | D:2      | Reached skill level 5 in Polearms
   932 | D:2      | Reached XP level 3. HP: 23/27 MP: 6/6
   935 | D:2      | Noticed Robin
  1500 | D:2      | Killed Robin
  1647 | D:2      | Reached skill level 6 in Polearms
  1647 | D:2      | Reached XP level 4. HP: 23/33 MP: 7/7
  1777 | D:2      | Learned a level 3 spell: Teleport Other
  2126 | D:2      | Reached skill level 7 in Polearms
  2441 | D:2      | Reached XP level 5. HP: 24/38 MP: 8/8
  2902 | D:2      | You fall through a shaft!
  3131 | D:3      | Reached skill level 8 in Polearms
  3691 | D:3      | Reached skill level 9 in Polearms
  3691 | D:3      | Reached XP level 6. HP: 13/44 MP: 4/9
  4176 | D:4      | Found an ornate altar of the Wu Jian Council.
  4285 | D:4      | Found a sand-covered staircase.
  4305 | Ossuary  | Entered an ossuary
  4318 | Ossuary  | Mangled by a mummy

Vault maps used:
D:1:      dpeg_cavernosity
D:2:      uniq_robin
D:4:      kennysheep_mini_moat, minmay_temple_entry_enclosed_plants,
          enter_ossuary_2, portal_sewer_entry_d
Ossuary:  ossuary_minmay_chase

Skill      XL: |  1  2  3  4  5 |
---------------+----------------+-----
Polearms       | 4 5 6 7 9 |  9.9
Fighting       | |  2.1
Throwing       | |  1.0
Armour         | |  0.6
Dodging        | |  2.6
Spellcasting   | |  2.0
Translocations | |  2.4

Action                   |  1- 3 |  4- 6 || total
-------------------------+-------+-------++-------
Melee: Spear             |   157 |   214 ||   371
       Trident           |       |   137 ||   137
       Tailslap          |       |     1 ||     1
Throw: Tomahawk          |     2 |     1 ||     3
 Cast: Blink             |     4 |     1 ||     5
       Shroud of Golubri |       |     4 ||     4
  Use: Scroll            |       |     1 ||     1
       Potion            |       |     3 ||     3
 Stab: Sleeping          |     1 |     3 ||     4
  Eat: Chunk             |     3 |     9 ||    12
Armor: Leather armour    |    38 |    77 ||   115
Dodge: Dodged            |    63 |   181 ||   244

Table legend:
 A = Spawn XP
 B = Non-spawn XP
 C = Spawn XP percentage of total XP
 D = Spawn monster count
 E = Non-spawn monster count
 F = Spawn count percentage of total count
 G = Total turns spent on level
                    A         B        C        D         E        F      G
               +---------+---------+-------+---------+---------+-------+---------
         Total |       0 |     523 |   0.0 |       0 |     106 |   0.0 |  4318
               +---------+---------+-------+---------+---------+-------+---------
           D:1 |       0 |      39 |   0.0 |       0 |      23 |   0.0 |  1416
           D:2 |       0 |     156 |   0.0 |       0 |      37 |   0.0 |  1665
           D:3 |       0 |     160 |   0.0 |       0 |      31 |   0.0 |  1002
           D:4 |       0 |     168 |   0.0 |       0 |      15 |   0.0 |   222
               +---------+---------+-------+---------+---------+-------+---------
